 Dungeon Crawl Stone Soup version 0.23.1 (webtiles) character file.

Game seed: 5089240280315877993

191 elfaar the Cudgeler (level 5, -2/48 HPs)
             Began as a Minotaur Berserker on Mar 8, 2019.
             Was a Priest of Trog.
             Slain by Grinder (7 damage)
             ... while paralysed by Grinder
             ... on level 3 of the Dungeon.
             The game lasted 00:09:54 (1890 turns).

elfaar the Cudgeler (Minotaur Berserker)            Turns: 1890, Time: 00:09:55

Health: -2/48      AC: 10    Str: 23    XL:     5   Next: 42%
Magic:  4/4        EV:  2    Int:  4    God:    Trog [***...]
Gold:   321        SH:  0    Dex:  9    Spells: 4/4 levels left

rFire    . . .     SeeInvis .   a - +0 mace
rCold    . . .     Gourm    .   (no shield)
rNeg     . . .     Faith    .   p - +1 chain mail
rPois    .         Spirit   .   (helmet restricted)
rElec    .         Reflect  .   (no cloak)
rCorr    .         Harm     +   (no gloves)
MR       .....                  (no boots)
Stlth    ..........             j - amulet of harm
HPRegen  0.16/turn              i - ring of stealth
MPRegen  0.09/turn              (no ring)

@: paralysed
A: retaliatory headbutt, horns 2
a: Berserk, Trog's Hand, Renounce Religion


You were on level 3 of the Dungeon.
You worshipped Trog.
Trog was most pleased with you.
You were not hungry.

You visited 1 branch of the dungeon, and saw 3 of its levels.

You collected 321 gold pieces.

Inventory:

Hand Weapons
 a - a +0 mace (weapon)
 b - a +0 mace
Missiles
 n - 40 stones (quivered)
Armour
 p - a +1 chain mail (worn)
Jewellery
 i - a ring of stealth (left hand)
 j - an amulet of harm (around neck)
Scrolls
 k - a scroll of fog
 m - a scroll of identify
 q - a scroll of magic mapping {unknown}
Potions
 d - a potion of ambrosia {unknown}
 e - 3 potions of curing
 g - a potion of might {unknown}
 h - a potion of mutation {unknown}
 l - a potion of brilliance {unknown}
 o - a potion of haste {unknown}
Comestibles
 c - 8 rations
 f - 2 chunks of flesh


   Skills:
 + Level 5.1 Fighting
 + Level 5.4 Maces & Flails
 + Level 2.9 Armour
 + Level 3.2 Dodging
 + Level 0.9 Stealth


You had 4 spell levels left.
You didn't know any spells.
Your spell library was empty.

Dungeon Overview and Level Annotations

Branches:
Dungeon (3/15)

Altars:
Fedhas
Sif Muna
Uskayaw
The Shining One

Annotations:
D:3 Grinder


Innate Abilities, Weirdness & Mutations

You reflexively headbutt those who attack you in melee.
You have a pair of horns on your head.


Message History

Grinder is heavily wounded.
Grinder hits you.
You writhe in agony.
You closely miss Grinder.
Grinder is heavily wounded.
Grinder gestures at you.
You suddenly lose the ability to move!
Grinder hits you.
* * * LOW HITPOINT WARNING * * *
You writhe in agony.
* * * LOW HITPOINT WARNING * * *
Grinder says, "What is the universe for?"
Grinder barely misses you. Grinder hits you but does no damage.
Grinder gestures at you.
You shrug off the repeated paralysis!
Grinder barely misses you. Grinder hits you.
* * * LOW HITPOINT WARNING * * *
You writhe in agony.
You die...

##.#..##
##.#.# ###.#
#.# #.# ####
#.# #.. #.#
#.# #.####.###
#..(..@5>#
######.#......
#......##
######..? ##


You could see Grinder.

Vanquished Creatures
  An orc priest (D:3)
  Robin (D:3)
  4 adders (D:3)
  A gnoll (D:1)
  2 oozes
  An adder skeleton (D:3)
  3 worms (D:2)
  3 leopard geckos
  4 orcs (D:3)
  A ball python (D:1)
  A giant cockroach (D:3)
  18 goblins
  12 hobgoblins
  3 jackals
  5 kobolds
  4 bats
  4 frilled lizards
  9 rats
  A fungus (D:3)
78 creatures vanquished.

Vanquished Creatures (others)
  4 toadstools (D:3)
4 creatures vanquished.

Grand Total: 82 creatures vanquished

Notes
Turn   | Place    | Note
-------+----------+-------------------------------------------
     0 | D:1      | elfaar the Minotaur Berserker began the quest for the Orb.
     0 | D:1      | Reached XP level 1. HP: 19/19 MP: 0/0
    84 | D:1      | Reached XP level 2. HP: 21/27 MP: 1/1
   268 | D:1      | Reached XP level 3. HP: 31/34 MP: 2/2
   270 | D:1      | Reached ** piety under Trog
   814 | D:2      | Found a glowing golden altar of the Shining One.
  1225 | D:3      | Noticed Robin
  1230 | D:3      | Reached XP level 4. HP: 41/41 MP: 3/3
  1240 | D:3      | Killed Robin
  1363 | D:3      | Found a hide-covered altar of Uskayaw.
  1366 | D:3      | Found a blossoming altar of Fedhas.
  1368 | D:3      | Found a deep blue altar of Sif Muna.
  1494 | D:3      | Reached skill level 5 in Maces & Flails
  1500 | D:3      | Reached skill level 5 in Fighting
  1567 | D:3      | Reached XP level 5. HP: 20/48 MP: 4/4
  1569 | D:3      | Reached *** piety under Trog
  1872 | D:3      | Noticed Grinder
  1884 | D:3      | Paralysed by Grinder for 7 turns
  1890 | D:3      | Slain by Grinder

Skill      XL: |  1  2  3  4 |
---------------+-------------+-----
Fighting       | 4 5 |  5.1
Maces & Flails | 4 5 |  5.4
Dodging        | 3 |  3.2
Armour         | |  2.9
Stealth        | |  0.9

Action                   |  1- 3 |  4- 6 || total
-------------------------+-------+-------++-------
Melee: Mace              |    70 |    96 ||   166
       Headbutt          |    12 |    18 ||    30
Invok: Berserk           |     2 |     1 ||     3
  Use: Scroll            |     6 |     2 ||     8
 Stab: Sleeping          |     4 |       ||     4
  Eat: Chunk             |     2 |     4 ||     6
Armor: Animal skin       |    11 |     2 ||    13
       Chain mail        |       |    38 ||    38
Dodge: Dodged            |    62 |    57 ||   119
